 Dungeon Sprint DCSS version 0.23.2-1-ga50397a6bc (webtiles) character file.

Game seed: 14578635190373173512

6 Freyura the Shield-Bearer (level 2, -17/26 HPs)
             Began as a Formicid Fighter on May 26, 2019.
             Was an Initiate of Qazlal.
             Killed from afar by a deep elf mage (33 damage)
             ... with a bolt of lightning
             ... in the Dungeon (Sprint V: "Ziggurat Sprint").
             The game lasted 00:03:21 (109 turns).

Freyura the Shield-Bearer (Formicid Fighter)         Turns: 109, Time: 00:03:22

Health: -17/26     AC: 19    Str: 26    XL:     2   Next: 0%
Magic:  4/4        EV:  2    Int:  7    God:    Qazlal [......]
Gold:   0          SH: 19    Dex: 16    Spells: 1/1 levels left

rFire    + . .     SeeInvis +   B - +7 Screaming Sword {slice, sonic wave}
rCold    + . .     Gourm    .   b - +3 large shield
rNeg     . . .     Faith    .   a - +5 gold dragon scales
rPois    +         Spirit   .   (helmet unavailable)
rElec    .         Reflect  .   (no cloak)
rCorr    .         Harm     .   (no gloves)
MR       .....                  (no boots)
Stlth    ..........             (no amulet)
HPRegen  0.08/turn              z - +6 ring of strength
MPRegen  0.09/turn              v - +6 ring of dexterity

@: no status effects
A: permanent stasis, dig shafts and tunnels, four strong arms, antennae 3
a: Dig, Renounce Religion


You were in the Dungeon.
You worshipped Qazlal.
Qazlal was noncommittal.
You were not hungry.

You visited 1 branch

Inventory:

Hand Weapons
 B - the +7 Screaming Sword (weapon) {slice, sonic wave}
   (You found it in the Dungeon)

   It inflicts extra damage upon your enemies.
Armour
 a - +5 gold dragon scales (worn)
 b - a +3 large shield (worn)
Jewellery
 v - a +6 ring of dexterity (right hand)
 w - a +6 ring of dexterity
 x - a +6 ring of intelligence
 y - a +6 ring of intelligence
 z - a +6 ring of strength (left hand)
 A - a +6 ring of strength
Wands
 s - a wand of disintegration (7)
 t - a wand of iceblast (7)
 u - a wand of acid (7)
Scrolls
 m - 4 scrolls of amnesia
 n - 7 scrolls of fog
 o - a scroll of holy word
 p - 5 scrolls of identify
 q - 5 scrolls of remove curse
 r - 2 scrolls of fear
Potions
 c - 2 potions of brilliance
 d - 6 potions of might
 e - 10 potions of curing
 g - 10 potions of heal wounds
 h - 2 potions of invisibility
 i - 7 potions of magic
 j - 4 potions of resistance
 l - 5 potions of agility
Comestibles
 f - 7 rations


   Skills:
 + Level 4.6 Fighting
 + Level 3.4 Long Blades
 + Level 4.5 Armour
 + Level 2.4 Dodging
 + Level 5.2 Shields
 + Level 3.2 Invocations


You had one spell level left.
You didn't know any spells.
Your spell library was empty.

Dungeon Overview and Level Annotations

Branches:
Dungeon (1/1)

Altars:
Ashenzari
Cheibriados
Dithmenos
Elyvilon
Fedhas
Gozag
Hepliaklqana
Kikubaaqudgha
Makhleb
Nemelex Xobeh
Okawaru
Qazlal
Ru
Sif Muna
Trog
Uskayaw
Vehumet
Wu Jian
Xom
Yredelemnul
Zin
The Shining One
Beogh
Jiyva
Lugonu

Annotations:
D 1 transporter


Innate Abilities, Weirdness & Mutations

You cannot be hasted, slowed, berserked, paralysed or teleported.
You can dig through walls and to a lower floor.
Your four strong arms can wield two-handed weapons with a shield.
You have a pair of large antennae on your head. (SInv)


Message History

Welcome to arena 1.
You enter the transporter and appear at another place. 2 deep elf magi come into view.
The deep elf mage shouts!
The deep elf mage gestures at you while chanting.
The shard of ice hits you! You partially resist.
The deep elf mage picks up a potion of might.
Found a sack of spiders.
Found a transporter.
The deep elf mage drinks a potion.
The deep elf mage seems to grow stronger.
You miss the deep elf mage. You block the deep elf mage's attack.
You miss the deep elf mage. You block the deep elf mage's attack.
The deep elf mage completely misses you.
You riposte.
Your shield and gold dragon scales prevent you from hitting the deep elf mage.
You block the deep elf mage's attack. The deep elf mage casts a spell at you.
The bolt of lightning hits you!!
Ouch! That really hurt!
You die...

▓▓▓▓▓▓▓
▓.8©8.▓
{{
▓.....▓
▓...}.▓
▓.ee..▓
▓..@..▓
▓..©..▓
▓▓▓▓▓▓▓
{{{ { {


You could see 2 deep elf magi.

Vanquished Creatures (others)
  A spatial maelstrom (D)
1 creature vanquished.

Notes
Turn   | Place    | Note
-------+----------+-------------------------------------------
     0 | D        | Found the +6 Majin-Bo {vamp, Archmagi MP+6 Int+6}
     0 | D        | Found the +7 great mace "Firestarter" {inner flame, rF++}
     0 | D        | Freyura the Formicid Fighter began the quest for the Orb.
     0 | D        | Reached XP level 1. HP: 18/18 MP: 1/1
    10 | D        | Banished a spatial maelstrom
    19 | D        | Found a blossoming altar of Fedhas.
    33 | D        | Found a deep blue altar of Sif Muna.
    33 | D        | Found a sacrificial altar of Ru.
    33 | D        | Found a bloodstained altar of Trog.
    33 | D        | Found a stormy altar of Qazlal.
    33 | D        | Found an iron altar of Okawaru.
    33 | D        | Found a sparkling altar of Nemelex Xobeh.
    35 | D        | Found a transporter.
    35 | D        | Found an ancient bone altar of Kikubaaqudgha.
    35 | D        | Found a viscous altar of Jiyva.
    35 | D        | Found a corrupted altar of Lugonu.
    35 | D        | Found a hazy altar of Hepliaklqana.
    35 | D        | Found a burning altar of Makhleb.
    35 | D        | Found an opulent altar of Gozag.
    55 | D        | Found the +6 shillelagh "Devastator" {shatter}
    55 | D        | Found the +11 plutonium sword {*Contam Stlth-}
    55 | D        | Found the +8 lance "Wyrmbane" {slay drac, rPois rF+ rC+
                  | AC+3}
    55 | D        | Found the +9 sword of Zonguldrok {reap}
    55 | D        | Found the cursed +13 scythe of Curses {drain, *Curse}
    55 | D        | Found the +0 sword of Power
    55 | D        | Found the +7 mace of Variability {chain chaos}
    55 | D        | Found the +7 Singing Sword {slice, sonic wave}
    55 | D        | Found the +7 longbow "Piercer" {penet, EV-2}
    61 | D        | Reached skill level 5 in Shields
    61 | D        | Reached XP level 2. HP: 26/26 MP: 1/4
    64 | D        | Became a worshipper of Qazlal Stormbringer
   106 | D        | Entered arena 2.
   106 | D        | Noticed a deep elf mage
   106 | D        | Noticed a deep elf mage
   106 | D        | Found a transporter.
   109 | D        | Killed from afar by a deep elf mage

Skill      XL: |  1 |
---------------+----+-----
Fighting       | 4 |  4.6
Long Blades    | 3 |  3.4
Armour         | 4 |  4.5
Dodging        | 2 |  2.4
Shields        | 5 |  5.2
Invocations    | 3 |  3.2

Action                   || total
-------------------------++-------
Melee: Double sword      ||     2
  Use: Potion            ||     1
Dodge: Dodged            ||     1
Block: Large shield      ||     3
       Rpst.: Double sword ||     1
